AoeStats
← Raziel

Arena

510451502Analyzed
3v3 RM · 1d ago on Oct 1, 2026· 29m 10s· 6 players
Game mode
Random Map
Map size
Normal (6 player)
Population
200
Speed
Normal
Resources
Standard
Victory
Conquest
Starting age
Dark Age
Ending age
Imperial Age
RankedLock teamsTeams togetherTeam positionsShared explorationLock speedFull tech treeHidden civsTurbo modeCheats
Victory
Defeat
🇦🇷 Burgundians · Argentina
1302
+17
🇦🇷 Lithuanians · Argentina
1286
+17
🇦🇷 Armenians · Argentina
1274
+18
🇦🇷 Gurjaras · Argentina
1422
-21
🇦🇷 Italians · Argentina
1274
-16
🇦🇷 Spanish · Argentina
1249
-15
GabrielBatisKuka
10:48 Feudal Age
15:09 Castle Age
13:08 Double-Bit Axe
13:19 Gold Mining
13:40 Horse Collar
15:28 Bloodlines
15:24 Scale Barding Armor
17:18 Bow Saw
20:35 Chain Barding Armor
22:39 Husbandry
24:36 Wheelbarrow
25:02 Forging
24:14 Light Cavalry
27:14 Loom
Minisaurr
10:52 Feudal Age
12:32 Gold Mining
14:55 Castle Age
13:02 Double-Bit Axe
14:00 Stone Mining
13:54 Horse Collar
14:18 Town Watch
15:49 Bow Saw
22:18 Loom
26:30 Sanctity
JVM
5:48 Loom
8:11 Feudal Age
7:56 Double-Bit Axe
9:54 Fletching
17:43 Bow Saw
18:20 Horse Collar
22:49 Castle Age
20:57 Stone Mining
22:09 Scale Barding Armor
22:59 Forging
23:04 Cavalier
24:19 Chain Barding Armor
26:21 Bodkin Arrow
27:58 Husbandry
Nicoc
10:22 Feudal Age
14:19 Castle Age
12:20 Double-Bit Axe
13:13 Loom
13:39 Gold Mining
17:01 Scale Barding Armor
18:57 Redemption
26:14 Atonement
Raziel
10:46 Feudal Age
9:47 Loom
13:09 Fletching
17:05 Double-Bit Axe
24:21 Castle Age
24:58 Bodkin Arrow
OrcoFinn
11:55 Feudal Age
15:54 Castle Age
14:18 Loom
14:35 Double-Bit Axe
16:06 Horse Collar
24:34 Devotion
Connection lost

Rejoining the realm…

Still unreachable

The connection could not be restored.

Session expired

The server has moved on; the page needs a fresh start.